 Dungeon Crawl Stone Soup version 0.30.1-4-g462c640d31 (webtiles) character file.

Game seed: 7327531278011106089

71 coolio the Trooper (level 4, -1/35 HPs)
             Began as a Demonspawn Fighter on Aug 25, 2023.
             Slain by a gnoll
             ... wielding a +0 spear
              (5 damage)
             ... on level 2 of the Dungeon.
             The game lasted 00:02:02 (1408 turns).

coolio the Trooper (Demonspawn Fighter)             Turns: 1408, Time: 00:02:02

Health: -1/35      AC:  8    Str: 18    XL:     4   Next: 5%
Magic:  4/4        EV:  9    Int: 10    God:
Gold:   129        SH:  0    Dex: 12    Spells: 3/3 levels left

rFire   . . .        a - +0 war axe
rCold   . . .        (no shield)
rNeg    . . .        b - +0 scale mail
rPois   .            (helmet restricted)
rElec   .            (no cloak)
rCorr   .            (no gloves)
SInv    .            (no boots)
Will    .....        (no amulet) Stlth
                     (no ring)
HPRegen 0.25/turn    (no ring)
MPRegen 0.09/turn

%: no passive effects
@: no status effects
A: antennae 1, thin metallic scales 1
a: no special abilities


You were on level 2 of the Dungeon.
You visited 1 branch of the dungeon, and saw 2 of its levels.

You collected 129 gold pieces.

Inventory:

Hand Weapons
 a - a +0 war axe (weapon)
Armour
 b - a +0 scale mail (worn)
Jewellery
 g - an amulet of guardian spirit
Scrolls
 c - a scroll of fog {unknown}
 f - 3 scrolls of identify {unknown}
 h - 2 scrolls of fear {unknown}
 j - a scroll of teleportation {unknown}
 k - a scroll of amnesia {unknown}
 l - a scroll of enchant armour {unknown}
Potions
 d - 2 potions of might
 e - a potion of mutation {unknown}
 i - a potion of heal wounds {unknown}


   Skills:
 + Level 3.5 Fighting
 * Level 3.1 Axes
 + Level 3.2 Armour
 - Level 2.6 Shields


You had 3 spell levels left.
You didn't know any spells.
Your spell library contained the following spells:

 Spells                   Type           Power      Damage    Failure   Level
 Slow                     Hex            0%         N/A       75%         1
 Confusing Touch          Hex            0%         N/A       98%         3
 Vampiric Draining        Necr           0%         2d6       98%         3


Dungeon Overview and Level Annotations

Branches:
Dungeon (2/15)

Altars:


Innate Abilities, Weirdness & Mutations

You have a pair of small antennae on your head.
You are partially covered in thin metallic scales. (AC +2)


Message History

A gnoll and a jackal come into view.
The gnoll shouts!
The jackal barks!
You hear a bark!
You hear a shout!
A gnoll comes into view. It is wielding a +0 flail.
The gnoll moves out of view.
There are monsters nearby!
There are monsters nearby!
There are monsters nearby!
There are monsters nearby!
There are monsters nearby!
There are monsters nearby!
There are monsters nearby!
There are monsters nearby!
There are monsters nearby!
A gnoll comes into view. It is wielding a +0 halberd.
The gnoll shouts!
A jackal comes into view.
A gnoll comes into view. It is wielding a +0 spear.
The jackal moves out of view.
The gnoll barely misses you.
There are monsters nearby!
There are monsters nearby!
You slash the jackal!
You kill the jackal!
The gnoll hits you but does no damage. The gnoll barely misses you.
You hit the gnoll but do no damage. The gnoll hits you but does no damage.
The gnoll closely misses you.
The gnoll hits you from afar with a +0 spear.
You hit the gnoll.
The gnoll is moderately wounded.
The gnoll hits you with a +0 whip. The gnoll barely misses you.
The gnoll hits you from afar with a +0 spear.
You barely miss the gnoll.
The gnoll is moderately wounded.
The gnoll hits you with a +0 whip! The gnoll barely misses you.
The gnoll hits you from afar with a +0 spear.
The gnoll hits you from afar with a +0 halberd!
* * * LOW HITPOINT WARNING * * *
The gnoll hits you but does no damage.
The gnoll hits you from afar with a +0 spear.
You die... #. # .## .... ## #... .. #.#.##. hgg..

#.g# # #@#
# ########
#.##.##.#
#......#
#.......#
#†.....#
####.####
##......#
#.#
........#
#.#
#.......#
####.#
#.......##
#....#
#........#
#.####


You could see 3 gnolls and a jackal.

Vanquished Creatures
  An adder (D:2)
  A worm (D:2)
  4 dart slugs
  3 endoplasms
  A giant cockroach (D:1)
  5 goblins
  A hobgoblin (D:2)
  8 jackals
  2 quokkas
  4 ball pythons (D:1)
  7 bats
  2 frilled lizards (D:1)
  6 kobolds
  3 rats
48 creatures vanquished.

Notes
Turn   | Place    | Note
-------+----------+-------------------------------------------
     0 | D:1      | coolio the Demonspawn Fighter began the quest for the Orb.
     0 | D:1      | Reached XP level 1. HP: 18/18 MP: 1/1
    90 | D:1      | Gained mutation: You are partially covered in thin metallic
                  | scales. (AC +2) [demonic ancestry]
    90 | D:1      | Reached XP level 2. HP: 13/24 MP: 2/2
   279 | D:1      | Gained mutation: You have a pair of small antennae on your
                  | head. [demonic ancestry]
   279 | D:1      | Reached XP level 3. HP: 27/29 MP: 3/3
  1369 | D:2      | Reached XP level 4. HP: 35/35 MP: 4/4
  1408 | D:2      | Slain by a gnoll

Illustrated notes

Levels and vault maps discovered:
D:1:      lightli_arrival_noodles, layout_basic, ebering_dispersal_statue_hall,
          minmay_close_crescents
D:2:      layout_loops_cross, minmay_pentomino_v2

Skill      XL: |  1  2  3 |
---------------+----------+-----
Axes           | 2 3 |  3.1
Armour         | 3 |  3.2
Fighting       | |  3.5
Shields        | |  2.6

Action                     |  1- 3 |  4- 6 || total
---------------------------+-------+-------++-------
  Melee: War axe           |   138 |     4 ||   142
 Armour: Scale mail        |   102 |     3 ||   105
  Dodge: Dodged            |    75 |     5 ||    80
  Block: Buckler           |    16 |       ||    16
